 Dungeon Crawl Stone Soup version 0.30-a0-586-g23e55c9e0a (webtiles) character file.

Game seed: 362474907380148737

1162 wormed the Changer (level 8, -4/81 HPs)
             Began as an Octopode Transmuter on Jan 4, 2023.
             Was an Initiate of Gozag.
             Slain by an orc warrior
             ... wielding a +0 glaive
              (14 damage)
             ... on level 6 of the Dungeon.
             The game lasted 00:09:42 (6279 turns).

wormed the Changer (Octopode Transmuter)            Turns: 6279, Time: 00:09:42

Health: -4/81      AC: 24    Str: 10    XL:     8   Next: 40%
Magic:  14/14      EV:  2    Int: 21    God:    Gozag
Gold:   385        SH:  0    Dex: 12    Spells: 8/15 levels left

rFire   + . .      SeeInvis .    v - +9 dagger of Zull {flame, rF+ rC+ Int+4}
rCold   + . .      Faith    .    (no shield)
rNeg    . . .      Spirit   .    (helmet currently unavailable)
rPois   +          Reflect  .    (no amulet)
rElec   .          Harm     .    q - +5 ring of evasion
rCorr   .          Rampage  .    (no ring)
Will    .....      NoTele   +    (no ring)
Stlth   +                        (no ring)
HPRegen 0.33/turn                (no ring)
MPRegen 0.14/turn                (no ring)
                                 (no ring)
                                 (no ring)

@: mighty, tree-form, gold aura
A: stationary, stasis, torment immunity, boosted hp, almost no armour,
(amphibious), 8 rings, (camouflage 1), (gelatinous body 1), (nimble swimmer 1),
(tentacles)
a: Renounce Religion, Potion Petition, Call Merchant, Bribe Branch


You were on level 6 of the Dungeon.
You worshipped Gozag.
Gozag was aware of your devotion.
You were a tree.
You visited 2 branches of the dungeon, and saw 7 of its levels.

You collected 469 gold pieces.
You paid 84 gold pieces to Gozag.

Inventory:

Hand Weapons
 v - the +9 dagger of Zull (weapon) {flame, rF+ rC+ Int+4}
   (You found it on level 3 of the Dungeon)

   It burns those it strikes, dealing additional fire damage.
   Int:       It affects your intelligence (+4).
   rF:        It protects you from fire.
   rC:        It protects you from cold.
Jewellery
 q - a +5 ring of evasion (left branch)
Wands
 h - a wand of roots (4)
 j - a wand of digging (5)
 k - a wand of acid (8)
Scrolls
 d - 2 scrolls of magic mapping
 m - 2 scrolls of fog
 s - a scroll of vulnerability
Potions
 a - 3 potions of lignification
 b - 2 potions of flight
 e - a potion of might
 f - 3 potions of haste {unknown}
 g - 2 potions of brilliance {unknown}
 i - 2 potions of heal wounds {unknown}
 l - a potion of curing {unknown}
 n - a potion of degeneration {unknown}
 p - a potion of invisibility {unknown}
 r - a potion of mutation {unknown}
 t - a potion of attraction {unknown}


   Skills:
 + Level 4.0 Fighting
 + Level 4.5 Dodging
 - Level 3.0 Unarmed Combat
 + Level 4.2 Spellcasting
 * Level 5.8 Transmutations
 + Level 3.2 Ice Magic


You had 8 spell levels left.
You knew the following spells:

 Your Spells              Type           Power      Damage    Failure   Level
a - Beastly Appendage     Tmut           58%        N/A       1%          1
b - Wereblood             Tmut           29%        N/A       1%          2
c - Ice Form              Ice/Tmut       23%        N/A       19%         4

Your spell library contained the following spells:

 Spells                   Type           Power      Damage    Failure   Level
 Spider Form              Tmut/Pois      16%        N/A       11%         3
 Summon Small Mammal      Summ           16%        N/A       12%         1
 Call Canine Familiar     Summ           4%         N/A       34%         3
 Summon Guardian Golem    Hex/Summ       4%         N/A       34%         3


Dungeon Overview and Level Annotations

Branches:
Dungeon (6/15)             Temple (1/1) D:5

Altars:
Dithmenos
Elyvilon
Fedhas
Gozag
Hepliaklqana
Kikubaaqudgha
Makhleb
Nemelex Xobeh
Qazlal
Ru
Sif Muna
Trog
Uskayaw
Vehumet
Zin
The Shining One


Innate Abilities, Weirdness & Mutations

You are a tree.
Your roots penetrate the ground, keeping you stationary.
You cannot be teleported.
You are immune to unholy pain and torment.
Your maximum health is greatly increased.
You cannot wear most types of armour.
((You are amphibious.))
You can wear up to eight rings at the same time.
((Your skin changes colour to match your surroundings (Stealth+).))
((Your rubbery body absorbs attacks. (AC +1, EV +1)))
((You are camouflaged when in or above water. (Stealth+)))
((You have tentacles for arms and can constrict up to eight enemies at once.))


Message History

Your Fighting skill increases to level 4!
The orc warrior completely misses you.
Things that are here:
6 gold pieces; a +0 dagger; a +0 robe You hit the orc warrior.
You freeze the orc warrior.
The orc warrior is moderately wounded.
The orc warrior misses you.
You hit the orc warrior but do no damage.
The orc warrior is moderately wounded.
The orc warrior hits you with a +0 glaive!
You punch the orc warrior! You freeze the orc warrior.
The orc warrior is heavily wounded.
The orc priest mumbles some strange prayers to Beogh against you.
Beogh smites you!
* * * LOW HITPOINT WARNING * * *
The orc warrior closely misses you.
You are confused.
You feel invigorated.
The orc priest calls down the wrath of Beogh upon you.
Beogh smites you!
* * * LOW HITPOINT WARNING * * *
The orc warrior barely misses you.
You warm up again.
The +9 dagger of Zull {flame, rF+ rC+ Int+4} unmelds from your body.
The +9 dagger of Zull {flame, rF+ rC+ Int+4} bursts into flame!
You turn into a tree.
Your roots penetrate the ground.
The orc warrior hits you but does no damage.
You cannot move. (Use ctrl+direction or * direction to attack while stationary and confused.)
You swing at nothing.
The orc warrior hits you with a +0 glaive!
* * * LOW HITPOINT WARNING * * *
You feel very mighty all of a sudden.
You feel less invigorated.
You feel less confused.
The orc warrior hits you but does no damage.
You hit the orc warrior. You burn the orc warrior.
The orc warrior is severely wounded.
The orc warrior hits you with a +0 glaive!
You die...
Your body crumbles into a pile of gold.

#....................#
#...................(#
#...................##
##.................##
#................##
#..............###
#.............##
##.............#####...
##........##..♣oo.....
##.....#########.....
##...## ... ##.### #
##..# ##..## #.>## ####


You could see an orc warrior and an orc priest.

Vanquished Creatures
  A water moccasin (D:5)
  3 sky beasts
  An ice beast (D:5)
  2 ogres (D:5)
  A bullfrog (D:4)
  2 scorpions
  2 jellies (D:5)
  A hound (D:5)
  2 iguanas
  An orc wizard (D:6)
  3 gnolls (D:4)
  5 adders
  A white imp (D:6)
  An ufetubus (D:4)
  A worm (D:2)
  2 dart slugs
  9 orcs
  7 endoplasms
  5 giant cockroaches
  14 goblins
  7 hobgoblins
  5 jackals
  3 quokkas
  7 ball pythons
  5 frilled lizards
  2 kobolds (D:1)
  5 rats
98 creatures vanquished.

Notes
Turn   | Place    | Note
-------+----------+-------------------------------------------
     0 | D:1      | wormed the Octopode Transmuter began the quest for the Orb.
     0 | D:1      | Reached XP level 1. HP: 13/13 MP: 3/3
   178 | D:1      | Reached XP level 2. HP: 18/18 MP: 3/5
   601 | D:1      | Reached XP level 3. HP: 20/23 MP: 3/6
   604 | D:1      | Learned a level 2 spell: Wereblood
  1308 | D:2      | Identified the +2 great sword "Vytynned" {flame, Will+
                  | Dex+7}
  1584 | D:2      | Reached XP level 4. HP: 28/29 MP: 3/7
  1657 | D:2      | Learned a level 4 spell: Ice Form
  2364 | D:3      | Identified the +9 dagger of Zull {flame, rF+ rC+ Int+4}
  2862 | D:4      | Noticed an angel
  2863 | D:4      | Found a glowing silver altar of Zin.
  2931 | D:4      | Reached skill level 3 in Transmutations
  2934 | D:4      | Reached XP level 5. HP: 28/34 MP: 5/9
  2969 | D:4      | Found a white marble altar of Elyvilon.
  3093 | D:4      | Noticed a sky beast
  3105 | D:4      | HP: 1/51 [something (6)]
  3106 | D:4      | Killed a sky beast
  3107 | D:4      | Reached skill level 1 in Ice Magic
  3998 | D:4      | Reached XP level 6. HP: 38/41 MP: 6/10
  4144 | D:4      | Found a radiant altar of Vehumet.
  4420 | D:4      | Reached skill level 4 in Transmutations
  4682 | D:5      | Entered Level 5 of the Dungeon
  4699 | D:5      | Found a staircase to the Ecumenical Temple.
  4721 | Temple   | Entered the Ecumenical Temple
  4799 | Temple   | Became a worshipper of Gozag Ym Sagoz the Greedy
  4827 | D:5      | Noticed a sky beast
  4961 | D:5      | Reached XP level 7. HP: 36/46 MP: 12/12
  5713 | D:5      | Reached skill level 5 in Transmutations
  5800 | D:5      | Reached XP level 8. HP: 50/53 MP: 10/14
  6279 | D:6      | Slain by an orc warrior

Illustrated notes

Levels and vault maps discovered:
D:1:      wander_arrival_estate, layout_loops_ring,
          chequers_serial_rivers_small_b
D:2:      cheibrodos_greedy_goblins, layout_loops_cross
D:3:      layout_rooms
D:4:      layout_loops_corners, elyvilon_altar_5, nicolae_vehumet_altar_sigil,
          zin_angel, moated_statue
D:5:      layout_rooms, minmay_temple_entry_glass, hex_tiny,
          minmay_misc_feat_chi, corexii_corridor_pit
D:6:      layout_cave_pods, mainiacjoe_overflow_catwalk, uniq_sigmund,
          uniq_maggie, uniq_grinder
Temple:   nicolae_temple_god_jail

Skill      XL: |  1  2  3  4  5  6  7  8 |
---------------+-------------------------+-----
Fighting       | 2 3 4 |  4.0
Transmutations | 3 4 5 |  5.8
Dodging        | 3 4 |  4.5
Spellcasting   | 3 4 |  4.2
Ice Magic      | 1 2 3 |  3.2
Unarmed Combat | |  3.0

Action                   |  1- 3 |  4- 6 |  7- 9 || total
-------------------------+-------+-------+-------++-------
Melee: Unarmed           |    73 |    34 |    34 ||   141
       Kick              |    22 |    11 |    16 ||    49
       Constrict         |    22 |    20 |     2 ||    44
       Tentacles         |    13 |    20 |     8 ||    41
       Punch             |     2 |     1 |     2 ||     5
       Dagger            |       |    50 |    46 ||    96
Throw: Throwing net      |       |       |     1 ||     1
 Cast: Beastly Appendage |    21 |    23 |    11 ||    55
       Wereblood         |     8 |    24 |    11 ||    43
       Ice Form          |       |       |     3 ||     3
  Use: Scroll            |       |    11 |     4 ||    15
       Potion            |       |     1 |     3 ||     4
 Stab: Sleeping          |     7 |     3 |       ||    10
Armor: Skin              |     2 |    10 |    10 ||    22
Dodge: Dodged            |    42 |    64 |    55 ||   161

Table legend: (Time is in decaauts)
 A = Elapsed time spent in this place.
 B = Non-inter-level travel time spent in this place.
 C = Inter-level travel time spent in this place.
 D = Time resting spent in this place.
 E = Time spent auto-exploring this place.
 F = Levels seen in this place.
 G = Mean time per level.
                   A        B        C        D        E       F      G
               +--------+--------+--------+--------+--------+-----+--------+
         Total |   6273 |   5912 |    361 |    913 |   3951 |   7 |  896.1 |
       Dungeon |   6182 |   5833 |    349 |    913 |   3911 |   6 | 1030.3 |
        Temple |     91 |     79 |     12 |      0 |     40 |   1 |   91.0 |
               +--------+--------+--------+--------+--------+-----+--------+

Top non-repeatable levels by time:
     D:4: 1774 daAuts
     D:5: 1129 daAuts
     D:3: 1109 daAuts
     D:2: 1024 daAuts
     D:1: 984 daAuts
     D:6: 159 daAuts
  Temple: 91 daAuts
